 Dungeon Crawl Stone Soup version 0.26-a0-651-gb41185065b (webtiles) character file.

Game seed: 14178255115207357517

102 Ozzies the Conjurer (level 4, 0/24 HPs)
             Began as a Deep Elf Conjurer on Oct 5, 2020.
             Slain by a goblin (4 damage)
             ... led by Robin
             ... on level 3 of the Dungeon.
             The game lasted 00:03:02 (2001 turns).

Ozzies the Conjurer (Deep Elf Conjurer)             Turns: 2001, Time: 00:03:03

Health: 0/24       AC:  2    Str:  4    XL:     4   Next: 50%
Magic:  0/12       EV: 13    Int: 24    God:
Gold:   107        SH:  0    Dex: 13    Spells: 4/11 levels left

rFire    . . .     SeeInvis +   p - -3 rapier (curse)
rCold    . . .     Faith    .   (no shield)
rNeg     . . .     Spirit   .   a - +0 robe
rPois    .         Reflect  .   (no helmet)
rElec    .         Harm     .   (no cloak)
rCorr    .         Rampage  .   (no gloves)
MR       .....                  (no boots)
Stlth    ++........             (no amulet)
HPRegen  0.08/turn              j - ring of see invisible
MPRegen  0.13/turn              (no ring)

@: no status effects
A: no striking features
a: no special abilities


You were on level 3 of the Dungeon.
You visited 1 branch of the dungeon, and saw 3 of its levels.

You collected 107 gold pieces.

Inventory:

Hand Weapons
 g - a +2 war axe of freezing
 p - a cursed -3 rapier (weapon)
Missiles
 d - 40 stones (quivered)
 t - 20 sling bullets
Armour
 a - a +0 robe (worn)
Jewellery
 j - a ring of see invisible (left hand)
Scrolls
 b - 2 scrolls of identify {unknown}
 c - a scroll of fear {unknown}
 f - a scroll of remove curse {unknown}
 h - 5 scrolls of noise {unknown}
 i - 2 scrolls of enchant weapon {unknown}
 m - a scroll of teleportation {unknown}
 n - 3 scrolls of amnesia {unknown}
Potions
 e - a potion of invisibility {unknown}
 k - a potion of mutation {unknown}
 l - a potion of flight {unknown}
 o - 2 potions of berserk rage {unknown}
 q - a potion of stabbing {unknown}
 r - a potion of might {unknown}
 s - a potion of curing {unknown}


   Skills:
 - Level 3.0 Dodging
 - Level 3.0 Stealth
 + Level 4.1 Spellcasting
 * Level 5.6 Conjurations


You had 4 spell levels left.
You knew the following spells:

 Your Spells              Type           Power        Failure   Level
a - Magic Dart            Conj           ####         1%          1
b - Searing Ray           Conj           ####..       1%          2
c - Iskenderun's Mystic   Conj/Tloc      ###.....     30%         4

Your spell library contained the following spells:

 Spells                   Type           Power        Failure   Level
 Dazzling Flash           Conj/Hex       ###...       9%          3
 Fulminant Prism          Conj/Hex       ###.......   30%         4


Dungeon Overview and Level Annotations

Branches:
Dungeon (3/15)

Altars:
Qazlal

Annotations:
D:3 Robin, Terence


Message History

Casting: Magic Dart (safe; 1% risk of failure)
Confirm with . or Enter, or press ? or * to list all spells.
Aiming: Magic Dart (safe; 1% risk of failure)
Press: ? - help, Shift-Dir - straight line, f - goblin
Aim: a goblin, wielding a +0 club The magic dart hits the goblin!
You kill the goblin!
Casting: Magic Dart (safe; 1% risk of failure)
Confirm with . or Enter, or press ? or * to list all spells.
Aiming: Magic Dart (safe; 1% risk of failure)
Press: ? - help, Shift-Dir - straight line, f - hobgoblin
Aim: a hobgoblin, wielding a +0 club (asleep)
The magic dart hits the hobgoblin.
The hobgoblin is lightly wounded.
The hobgoblin shouts!
You hear a shout! x2
A hobgoblin comes into view. It is wielding a +0 club.
Casting: Magic Dart (safe; 1% risk of failure)
Confirm with . or Enter, or press ? or * to list all spells.
Aiming: Magic Dart (safe; 1% risk of failure)
Press: ? - help, Shift-Dir - straight line, f/p - hobgoblin
Aim: a hobgoblin, wielding a +0 club The magic dart hits the hobgoblin.
The hobgoblin is lightly wounded.
The hobgoblin shouts!
You hear a shout! x3
Robin of the Strong Arm comes into view.
They are wielding a +0 club.
A goblin comes into view.
Casting: Magic Dart (safe; 1% risk of failure)
Confirm with . or Enter, or press ? or * to list all spells.
Aiming: Magic Dart (safe; 1% risk of failure)
Press: ? - help, Shift-Dir - straight line, f/p - hobgoblin
Aim: a hobgoblin, wielding a +0 club (lightly wounded)
The magic dart hits the hobgoblin.
The hobgoblin is heavily wounded.
Robin shouts!
You hear a shout!
Robin says, "We wiped out the hill dwarves - you're next!"
A goblin comes into view. It is wielding a +0 club.
A goblin comes into view.
Casting: Magic Dart (safe; 1% risk of failure)
Confirm with . or Enter, or press ? or * to list all spells.
Aiming: Magic Dart (safe; 1% risk of failure)
Press: ? - help, Shift-Dir - straight line, f/p - hobgoblin
Aim: a hobgoblin, wielding a +0 club (moderately wounded)
The magic dart hits the hobgoblin.
The hobgoblin is severely wounded.
Robin roars a battlecry!
The goblins go into a battle-frenzy!
A goblin comes into view.
You hear a shout!
Casting: Magic Dart (safe; 1% risk of failure)
Confirm with . or Enter, or press ? or * to list all spells.
Aiming: Searing Ray (safe; 1% risk of failure)
Press: ? - help, Shift-Dir - straight line, f/p - hobgoblin
Aim: a hobgoblin, wielding a +0 club (severely wounded, strong)
The searing ray hits the hobgoblin.
You kill the hobgoblin! (Press . to maintain the ray.)
The goblin unwields a +0 club.
The goblin wields a +0 hunting sling.
The goblin shoots a stone.
The stone barely misses you. Robin throws the goblin at you!
The searing ray hits the goblin!
You kill the goblin!
Terence the Incautious comes into view.
He is wielding a +0 falchion.
The goblin unwields a +0 hunting sling.
The goblin wields a +0 club.
The goblin barely misses you.
Casting: Searing Ray (safe; 1% risk of failure)
Confirm with . or Enter, or press ? or * to list all spells.
That is beyond the maximum range.
Press: ? - help, Shift-Dir - straight line (Press . to maintain the ray.)
A goblin comes into view. It is wielding a +0 club.
Robin throws the goblin at you! The goblin barely misses you.
The goblin closely misses you.
The searing ray hits the hobgoblin!
You kill the hobgoblin!
The goblin shouts!
The goblin barely misses you.
Casting: Searing Ray (safe; 1% risk of failure)
Confirm with . or Enter, or press ? or * to list all spells.
Press: ? - help, Shift-Dir - straight line, f - Robin
Aim: Robin, wielding a +0 club, wearing a +0 animal skin and wearing a +0 helmet The searing ray hits Robin!
Robin is heavily wounded. (Press . to maintain the ray.)
A goblin comes into view.
The goblin hits you with a +0 club.
A goblin comes into view. It is wielding a +0 club.
The goblin misses you. Robin throws the goblin at you!
A goblin comes into view.
Without enough magic to sustain it, your searing ray dissipates.
The goblin closely misses you. x2; The goblin hits you.
The goblin hits you but does no damage. The goblin hits you with a +0 club.
The goblin hits you. The goblin misses you. The goblin closely misses you.
Terence barely misses you.
The goblin shouts!
The goblin unwields a +0 club.
The goblin wields a +0 hunting sling.
The goblin shoots a stone.
The stone hits you but does no damage. The goblin hits you with a +0 club.
* * * LOW HITPOINT WARNING * * *
The goblin hits you.
You die...

..........#....#......)...#
.......####....#..........#
.......# #....#..........#
.......# #...............#
.......# ####..........###
.......# #..........
.......# #.(........
#<###### ####ggg.......
†.##### #...g@@....##
...†...........g.....#
..#########...g.g....# ..#
#..........# .^#
#.g........# ..#
#..........# ..#
#....).....# .[#
#..........# ###


You could see Terence, Robin and 7 goblins.

Vanquished Creatures
  3 gnolls (D:2)
  An adder (D:2)
  An ooze (D:1)
  3 worms
  6 leopard geckos
  2 ball pythons (D:2)
  2 bats
  A giant cockroach (D:1)
  9 goblins
  6 hobgoblins
  8 kobolds
  A rat (D:1)
43 creatures vanquished.

Notes
Turn   | Place    | Note
-------+----------+-------------------------------------------
     0 | D:1      | Ozzies the Deep Elf Conjurer began the quest for the Orb.
     0 | D:1      | Reached XP level 1. HP: 10/10 MP: 6/6
   191 | D:1      | Reached XP level 2. HP: 15/15 MP: 4/8
   195 | D:1      | Learned a level 2 spell: Searing Ray
   852 | D:2      | Reached XP level 3. HP: 19/19 MP: 4/9
  1154 | D:2      | Reached skill level 5 in Conjurations
  1185 | D:2      | Reached XP level 4. HP: 22/24 MP: 5/11
  1191 | D:2      | Learned a level 4 spell: Iskenderun's Mystic Blast
  1340 | D:2      | Found a stormy altar of Qazlal.
  1990 | D:3      | Noticed Robin
  1994 | D:3      | Noticed Terence
  2001 | D:3      | Slain by a goblin

Illustrated notes

Levels and vault maps discovered:
D:1:      roderic_chinese_lattice_arrival, layout_loops_cross,
          lemuel_old_faithful
D:2:      layout_loops_ring, lemuel_doored_altar
D:3:      layout_basic, amethyst_overflow_temple_binary, uniq_terence,
          uniq_robin

Skill      XL: |  1  2  3  4 |
---------------+-------------+-----
Stealth        | 3 |  3.0
Dodging        | 3 |  3.0
Conjurations   | 5 |  5.6
Spellcasting   | 4 |  4.1

Action                   |  1- 3 |  4- 6 || total
-------------------------+-------+-------++-------
 Cast: Magic Dart        |    46 |    19 ||    65
       Searing Ray       |     2 |    10 ||    12
Armor: Robe              |     1 |     3 ||     4
Dodge: Dodged            |     1 |    16 ||    17

Table legend: (Time is in decaauts)
 A = Elapsed time spent in this place.
 B = Non-inter-level travel time spent in this place.
 C = Inter-level travel time spent in this place.
 D = Time resting spent in this place.
 E = Time spent auto-exploring this place.
 F = Levels seen in this place.
 G = Mean time per level.
                   A        B        C        D        E       F      G
               +--------+--------+--------+--------+--------+-----+--------+
         Total |   1998 |   1949 |     49 |      0 |   1765 |   3 |  666.0 |
       Dungeon |   1998 |   1949 |     49 |      0 |   1765 |   3 |  666.0 |
               +--------+--------+--------+--------+--------+-----+--------+

Top non-repeatable levels by time:
     D:2: 915 daAuts
     D:1: 848 daAuts
     D:3: 235 daAuts
